 Dungeon Crawl Stone Soup version 0.16-a0-3178-g2c88c44 (webtiles) character file.

297 Johnny the Bolt Thrower (level 6, -2/47 HPs)
             Began as a Human Hunter on Dec 16, 2014.
             Slain by an orc
             ... wielding a +0 flail
              (10 damage)
             ... on level 4 of the Dungeon.
             The game lasted 00:04:09 (3078 turns).

Johnny the Bolt Thrower (Human Hunter)              Turns: 3078, Time: 00:04:09

Health: -2/47      AC:  2    Str: 12    XL:     6   Next: 62%
Magic:  6/6        EV: 13    Int: 11    God:
Gold:   114        SH:  0    Dex: 16    Spells: 0 memorised, 5 levels left

rFire  . . .     SeeInvis .     v - +4 quarterstaff (chaos)
rCold  . . .     Clarity  .     d - +0 leather armour
rNeg   . . .     SustAb   .     (no shield)
rPois  .         Gourm    .     y - +1 hat
rElec  .         Spirit   .     u - +0 cloak
rCorr  .         Warding  .     (no gloves)
rMut   .         Stasis   .     (no boots)
MR     .....                    n - amulet of faith
Stlth  ++........               (no ring)
                                m - -3 ring of protection (curse)

@: not resistant to hostile enchantments, unstealthy
A: no striking features
a: no special abilities


You were on level 4 of the Dungeon.
You were not hungry.

You visited 1 branch of the dungeon, and saw 4 of its levels.

You collected 114 gold pieces.

Inventory:

Hand weapons
 a - a +0 short sword
 b - a +1 hand crossbow
 v - a +4 quarterstaff of chaos (weapon)
 w - a +2 hand axe of flaming
Missiles
 c - 11 bolts
Armour
 d - a +0 leather armour (worn)
 u - a +0 cloak (worn)
 y - a +1 hat (worn)
Jewellery
 m - a cursed -3 ring of protection (left hand)
 n - an amulet of faith (around neck)
Magical devices
 p - a wand of random effects (28)
Scrolls
 e - 2 scrolls of blinking
 k - a scroll of amnesia {unknown}
 l - a scroll of enchant armour
 o - a scroll of teleportation
 t - a scroll of magic mapping
Potions
 g - 3 potions of brilliance
 h - a potion of restore abilities {unknown}
 j - 2 potions of magic {unknown}
 s - a potion of agility {unknown}
 x - a potion of curing {unknown}
Comestibles
 f - 4 bread rations
 i - a royal jelly
 r - 3 meat rations


   Skills:
 + Level 3.5 Fighting
 * Level 6.1 Crossbows
 + Level 3.5 Dodging
 - Level 1.0 Stealth


You had 5 spell levels left.
You didn't know any spells.

Dungeon Overview and Level Annotations

Branches:
Dungeon (4/15)
 Temple: D:4-7

Altars:


Message History

* * * LOW HITPOINT WARNING * * *
Things that are here:
a tomahawk; an iguana skeleton The jackal closely misses you.
Unknown command.
The jackal closely misses you.
You are too injured to fight recklessly!
You are too injured to fight recklessly!
You are too injured to fight recklessly!
You are too injured to fight recklessly!
You sock the jackal!
You kill the jackal!
The jackal bites you.
* * * LOW HITPOINT WARNING * * *
You hit the jackal. You freeze the jackal.
You kill the jackal!
You hit the orc.
The orc goes berserk!
The orc is heavily wounded.
The orc hits you but does no damage. The orc hits you with a flail!
You die...

#......# #### #......#
##...## #.<....#
.......## #......#
.........#
##....#####..
.........##
###..#.....#
$...!.....######....#
.........#..##....$.##
#...†(..o@.##...# .
#...######......###....
#...# ###.............
.....# #...............
.###. #........#######
. ...#####.... # ....
##...# .... .#... ..
......


You could see an orc (berserk).

Vanquished Creatures
  Crazy Yiuf (D:2)
  An iguana (D:4)
  A giant frog skeleton (D:4)
  2 worker ants
  Terence (D:3)
  Robin (D:2)
  2 adders (D:3)
  4 gnolls (D:3)
  A worm (D:3)
  2 giant geckos
  An ooze (D:2)
  5 orcs (D:3)
  4 bats
  5 giant cockroaches
  15 goblins
  9 hobgoblins
  8 jackals
  A quokka (D:3)
  2 giant newts
  6 kobolds
  4 rats
76 creatures vanquished.

Notes
Turn   | Place    | Note
--------------------------------------------------------------
     0 | D:1      | Johnny, the Human Hunter, began the quest for the Orb.
     0 | D:1      | Reached XP level 1. HP: 16/16 MP: 1/1
   254 | D:1      | Reached XP level 2. HP: 22/22 MP: 2/2
   729 | D:2      | Reached XP level 3. HP: 27/27 MP: 3/3
   830 | D:2      | Noticed Robin
   840 | D:2      | Killed Robin
  1114 | D:2      | Reached XP level 4. HP: 34/34 MP: 4/4
  1584 | D:2      | Noticed Crazy Yiuf
  1596 | D:2      | Paralysed by Crazy Yiuf for 6 turns
  1612 | D:2      | Killed Crazy Yiuf
  1612 | D:2      | Reached skill level 5 in Crossbows
  1833 | D:3      | Reached XP level 5. HP: 39/39 MP: 5/5
  2028 | D:3      | Noticed Terence
  2030 | D:3      | Killed Terence
  2313 | D:3      | Reached XP level 6. HP: 41/47 MP: 6/6
  2948 | D:4      | Reached skill level 6 in Crossbows
  3078 | D:4      | Slain by an orc

Action                   |  1- 3 |  4- 6 || total
-------------------------+-------+-------++-------
Melee: Quarterstaff      |       |    96 ||    96
 Fire: Hand crossbow     |    69 |    26 ||    95
  Use: Scroll            |       |     5 ||     5
 Stab: Sleeping          |       |     1 ||     1
  Eat: Chunk             |       |     7 ||     7
